 Dungeon Crawl Stone Soup version 0.31-a0-889-g1a8549509d (webtiles) character file.

Game seed: 16760181160259639225

3 Newt the Trooper (level 1, -1/14 HPs)
             Began as a Gargoyle Fighter on Oct 16, 2023.
             Frozen to death by an endoplasm (4 damage)
             ... on level 1 of the Dungeon.
             The game lasted 00:00:08 (94 turns).

Newt the Trooper (Gargoyle Fighter)                   Turns: 94, Time: 00:00:09

Health: -1/14      AC:  9    Str: 19    XL:     1   Next: 50%
Magic:  1/1        EV:  9    Int:  8    God:
Gold:   0          SH:  4    Dex:  9    Spells: 0/0 levels left

rFire   . . .        a - +0 flail
rCold   . . .        c - +0 buckler
rNeg    + . .        b - +0 scale mail
rPois   ∞            (no helmet)
rElec   +            (no cloak)
rCorr   .            (no gloves)
SInv    .            (no boots)
Will    .....        (no amulet) Stlth
                     (no ring)
HPRegen 0.22/turn    (no ring)
MPRegen 0.07/turn

%: no passive effects
@: no status effects
A: sickness immunity, AC +2, negative energy resistance 1, electricity
resistance, torment resistance 1, petrification resistance
a: no special abilities


You were on level 1 of the Dungeon.
You visited 1 branch of the dungeon, and saw 1 of its levels.

Inventory:

Hand Weapons
 a - a +0 flail (weapon)
Armour
 b - a +0 scale mail (worn)
 c - a +0 buckler (worn)
Potions
 d - a potion of might


   Skills:
 + Level 3.5 Fighting
 - Level 2.0 Maces & Flails
 - Level 3.2 Armour
 - Level 3.2 Shields


You couldn't memorise any spells.
You didn't know any spells.
Your spell library was empty.

Dungeon Overview and Level Annotations

Branches:
Dungeon (1/15)

Altars:


Innate Abilities, Weirdness & Mutations

You are immune to sickness and miasma.
Your stone body is resilient. (AC +2)
You are immune to poison.
You resist negative energy. (rN+)
You are resistant to electric shocks. (rElec)
You are resistant to unholy torment.
You are immune to petrification.


Message History

The goblin barely misses you.
You closely miss the goblin.
The giant cockroach waves its antennae.
The endoplasm freezes you.
You are frozen.
The rat bites you but does no damage. The goblin hits you but does no damage.
You barely miss the goblin. The endoplasm freezes you.
You are frozen.
You block the rat's attack. The goblin hits you but does no damage.
An endoplasm comes into view.
The endoplasm quivers.
You sock the goblin!
You kill the goblin!
The endoplasm hits you but does no damage.
The rat bites you but does no damage. The endoplasm misses you.
The kobold hits you with a +0 short sword.
The rat bites you but does no damage.
A goblin comes into view. It is wielding a +0 club.
The goblin shouts!
A bat comes into view.
The endoplasm freezes you.
You are frozen.
* * * LOW HITPOINT WARNING * * *
You hit the endoplasm.
The endoplasm is heavily wounded.
The endoplasm hits you but does no damage.
The endoplasm freezes you.
You are frozen.
* * * LOW HITPOINT WARNING * * *
Unknown command.
You hit the goblin.
The goblin is heavily wounded.
The goblin closely misses you. The endoplasm closely misses you.
Unknown command.
You thump the goblin!
You kill the goblin!
The endoplasm freezes you.
You are frozen.
You die...

.. #... .# #.#.#
#.## . #.#.# #.#
#.#######...# #.#
.#... ...#.# #)#
... ....# #.# #.#
#..# #.# #)#
#..#####.# #@#
#........#
##J#######.#######
##.#.###BKr.......#
......).bJ.########
##..##.......#
..........#
#.#.......#
#..###...### ...
#...#


You could see 2 endoplasms, a giant cockroach, a bat, a kobold and a rat.

Vanquished Creatures
  3 goblins (D:1)
  A bat (D:1)
4 creatures vanquished.

Notes
Turn   | Place    | Note
-------+----------+-------------------------------------------
     0 | D:1      | Newt the Gargoyle Fighter began the quest for the Orb.
     0 | D:1      | Reached XP level 1. HP: 14/14 MP: 1/1
    94 | D:1      | Frozen to death by an endoplasm

Illustrated notes

Levels and vault maps discovered:
D:1:      roderic_dead_forest, layout_loops_ring, minmay_tall_x

Action                     || total
---------------------------++-------
  Melee: Flail             ||    21
 Armour: Scale mail        ||    27
  Dodge: Dodged            ||    13
  Block: Buckler           ||     6

Table legend: (Time is in decaauts)
 A = Elapsed time spent in this place.
 B = Non-inter-level travel time spent in this place.
 C = Inter-level travel time spent in this place.
 D = Time resting spent in this place.
 E = Time spent auto-exploring this place.
 F = Levels seen in this place.
 G = Mean time per level.
                   A        B        C        D        E       F      G
               +--------+--------+--------+--------+--------+-----+--------+
         Total |    100 |    100 |      0 |      0 |     58 |   1 |  100.0 |
       Dungeon |    100 |    100 |      0 |      0 |     58 |   1 |  100.0 |
               +--------+--------+--------+--------+--------+-----+--------+

Top non-repeatable levels by time:
     D:1: 100 daAuts
